 Dungeon Crawl Stone Soup version 0.19-a0-1254-gb9c29c0 (webtiles) character file.

507 junb69 the Skirmisher (level 6, -1/58 HPs)
             Began as a Draconian Gladiator on Aug 27, 2016.
             Slain by an orc warrior
             ... wielding a +2 battleaxe of chopping
              (2 damage)
             ... on level 5 of the Dungeon.
             The game lasted 00:07:49 (4086 turns).

junb69 the Skirmisher (Draconian Gladiator)         Turns: 4086, Time: 00:07:50

Health: -1/58      AC:  9    Str: 23    XL:     6   Next: 97%
Magic:  0/6        EV: 13    Int:  9    God:
Gold:   172        SH:  0    Dex: 12    Spells: 0 memorised, 5 levels left

rFire  + . .     SeeInvis .     a - +0 long sword
rCold  . . .     Gourm    .     (armour unavailable)
rNeg   . . .     Faith    .     (no shield)
rPois  .         Spirit   +     b - +0 hat
rElec  .         Dismiss  .     A - +0 cloak
rCorr  .         Reflect  .     s - +0 pair of gloves
MR     .....     Harm     .     d - +0 pair of boots
Stlth  +.........               v - amulet of guardian spirit
                                q - ring of wizardry
                                n - ring of protection from fire

@: mighty
A: unfitting armour, cold-blooded, AC +6
a: no special abilities


You were on level 5 of the Dungeon.
You were not hungry.

You visited 1 branch of the dungeon, and saw 5 of its levels.

You collected 172 gold pieces.

Inventory:

Hand Weapons
 a - a +0 long sword (weapon)
Missiles
 c - 3 throwing nets (quivered)
Armour
 b - a +0 hat (worn)
 d - a +0 pair of boots (worn)
 s - a +0 pair of gloves (worn)
 A - a +0 cloak (worn)
 D - a cursed +0 large shield
Jewellery
 n - a ring of protection from fire (left hand)
 q - a ring of wizardry (right hand)
 v - an amulet of guardian spirit (around neck)
Scrolls
 h - a scroll of enchant weapon
 i - a scroll of noise
 k - a scroll of magic mapping
 o - a scroll of teleportation {unknown}
 w - a scroll of fear {unknown}
 y - 2 scrolls of remove curse
Potions
 j - a potion of lignification {unknown}
 p - 4 potions of curing
 r - 2 potions of degeneration {unknown}
 t - a potion of heal wounds {unknown}
 u - 2 potions of might
 x - a potion of cancellation {unknown}
 z - a potion of berserk rage {unknown}
 B - a potion of flight {unknown}
 C - a potion of resistance {unknown}
 E - a potion of experience {unknown}
Books
 e - a book of Cantrips

   Spells                             Type                      Level
   a - Confusing Touch                Hexes                        1
   b - Animate Skeleton               Necromancy                   1
   c - Summon Small Mammal            Summoning                    1
   d - Apportation                    Translocation                1
Comestibles
 f - 2 royal jellies
 g - 2 slices of pizza
 l - 2 meat rations


   Skills:
 * Level 6.3 Fighting
 * Level 5.7 Long Blades
 - Level 1.7 Throwing
 - Level 2.6 Dodging


You had 5 spell levels left.
You didn't know any spells.

Dungeon Overview and Level Annotations

Branches:
Dungeon (5/15)             Temple (0/1) D:5

Altars:
Ashenzari
Cheibriados
Nemelex Xobeh
Qazlal
Sif Muna
Vehumet
Xom
Yredelemnul
Zin
The Shining One

Annotations:
D:5 Edmund, Grinder


Innate Abilities, Weirdness & Mutations

Your plain brown scales are hard. (AC +6)
Your body does not fit into most forms of armour.
You are cold-blooded and may be slowed by cold attacks.


Message History

The giant gecko bites you.
You closely miss the giant gecko.
Your tail-slap misses the giant gecko.
The giant gecko is moderately wounded.
The orc hits you but does no damage. The giant gecko barely misses you.
The orc warrior hits you with a battleaxe of chopping!
As you read the scroll of identify, it crumbles to dust.
i - a scroll of noise Grinder blinks!
The orc barely misses you.
You riposte.
You closely miss the orc.
Your tail-slap misses the orc.
The giant gecko bites you.
The orc warrior hits you with a battleaxe of chopping!
* * * LOW HITPOINT WARNING * * *
It was a potion of curing.
You feel better. The giant gecko closely misses you.
The orc hits you but does no damage.
It was a potion of might.
You feel very mighty all of a sudden.
The giant gecko bites you but does no damage.
The orc warrior hits you with a battleaxe of chopping!
* * * LOW HITPOINT WARNING * * *
You die...

.####).####,,,*,,,,,* ##*
##...o#####,,,,,* ,,*
####o..o.####*** *,**
#####..o.# *,,*
####.######## ,,,******
#.o......# *,,,,,,,*****
##o.$....#
*,*****,,,,,*####o......#
*,,,* *****,*#.l@o5.....#
***,******#....##o......#
,,,,,,,,,[...#**#########
******,**###,********
*,,** *,**,,,,,* **,,*
*,,,,,,,,* **,*
****,,,,,* *,* ***,***
*,*** *,*


You could see Grinder, an orc warrior, an orc priest, 3 orcs and a giant gecko.

Vanquished Creatures
  A phantom (D:4)
  An ogre (D:4)
  Blork the orc (D:4)
  A scorpion (D:4)
  A worker ant (D:5)
  4 gnolls (D:3)
  3 adders
  2 oozes
  2 worms
  3 dart slugs (D:2)
  6 giant geckos
  10 orcs
  A ball python (D:2)
  8 bats
  2 giant cockroaches
  6 goblins
  8 hobgoblins
  8 jackals
  8 kobolds
  2 quokkas (D:2)
  A giant gecko skeleton (D:4)
  4 giant newts
  6 rats
89 creatures vanquished.

Vanquished Creatures (others)
  A bat (D:1)
1 creature vanquished.

Grand Total: 90 creatures vanquished

Notes
Turn   | Place    | Note
-------+----------+-------------------------------------------
     0 | D:1      | junb69 the Draconian Gladiator began the quest for the Orb.
     0 | D:1      | Reached XP level 1. HP: 17/17 MP: 1/1
   324 | D:1      | Reached XP level 2. HP: 24/25 MP: 2/2
   366 | D:1      | Found a deep blue altar of Sif Muna.
   577 | D:1      | Reached skill level 3 in Fighting
   800 | D:1      | Reached XP level 3. HP: 4/31 MP: 3/3
  1461 | D:2      | Reached skill level 4 in Fighting
  1465 | D:2      | Reached XP level 4. HP: 8/40 MP: 4/4
  1794 | D:2      | Found a shimmering altar of Xom.
  1797 | D:2      | Found a basalt altar of Yredelemnul.
  1800 | D:2      | Found a shattered altar of Ashenzari.
  1892 | D:2      | Found a deep blue altar of Sif Muna.
  1902 | D:2      | Found a stormy altar of Qazlal.
  1903 | D:2      | Found a glowing golden altar of the Shining One.
  1903 | D:2      | Found a snail-covered altar of Cheibriados.
  1905 | D:2      | Found a radiant altar of Vehumet.
  1908 | D:2      | Found a glowing silver altar of Zin.
  2312 | D:3      | Found a sparkling altar of Nemelex Xobeh.
  2681 | D:3      | Reached XP level 5. HP: 27/47 MP: 1/5
  2997 | D:3      | Reached skill level 5 in Fighting
  3182 | D:4      | Noticed Blork the orc
  3196 | D:4      | Killed Blork the orc
  3246 | D:4      | Reached skill level 5 in Long Blades
  3246 | D:4      | Reached XP level 6. HP: 29/56 MP: 2/6
  3729 | D:4      | Reached skill level 6 in Fighting
  4022 | D:5      | Entered Level 5 of the Dungeon
  4056 | D:5      | Noticed an orc warrior
  4058 | D:5      | Found a staircase to the Ecumenical Temple.
  4058 | D:5      | Noticed Edmund
  4076 | D:5      | Noticed Grinder
  4086 | D:5      | HP: 1/58 [orc warrior/battleaxe of chopping (10)]
  4086 | D:5      | Slain by an orc warrior

Vault maps used:
D:1:      shiori_arrival_elements, minmay_misc_feat_alley, grunt_decor_fettered,
          amethyst_killhole, kennysheep_flooded_box
D:2:      minitemple, grunt_temple_overflow_diamond
D:3:      nemelex_xobeh_ov_fountains_minmay
D:4:      uniq_blork_the_orc
D:5:      first_bread, nicolae_ru_the_path_less_chosen, uniq_edmund,
          uniq_grinder, uniq_crazy_yiuf_cottage

Skill      XL: |  1  2  3  4  5  6 |
---------------+-------------------+-----
Fighting       | 3 4 5 6 |  6.3
Long Blades    | 4 5 |  5.7
Throwing       | |  1.7
Dodging        | |  2.6

Action                   |  1- 3 |  4- 6 || total
-------------------------+-------+-------++-------
Melee: Long sword        |   154 |   175 ||   329
       Tailslap          |     9 |    20 ||    29
  Use: Potion            |     1 |     2 ||     3
       Scroll            |       |     4 ||     4
 Stab: Sleeping          |     1 |       ||     1
  Eat: Chunk             |     2 |     7 ||     9
       Pizza             |       |     1 ||     1
Armor: Skin              |    44 |    45 ||    89
Dodge: Dodged            |    98 |    87 ||   185
